 Dungeon Crawl Stone Soup version 0.27.0-1-g7a089689b8 (console) character file.

Game seed: 11875385083116153093

23726 asdu the Martial Artist (level 12, -4/97 HPs)
             Began as a Demonspawn Warper on Aug 10, 2021.
             Was a Priest of Cheibriados.
             Slain by a frost giant (28 damage)
             ... in an ice cave.
             The game lasted 01:31:52 (18828 turns).

asdu the Martial Artist (Demonspawn Warper)        Turns: 18828, Time: 01:31:53

Health: -4/97      AC:  2    Str: 20    XL:     12   Next: 74%
Magic:  5/19       EV: 34    Int: 24    God:    Cheibriados [***...]
Gold:   1041       SH:  0    Dex: 29    Spells: 5/20 levels left

rFire    . . .     SeeInvis .     - Unarmed
rCold    + . .     Faith    .   (shield currently unavailable)
rNeg     . . .     Spirit   .   (armour currently unavailable)
rPois    x         Reflect  .   (helmet currently unavailable)
rElec    .         Harm     .   (cloak currently unavailable)
rCorr    .         Rampage  .   (gloves currently unavailable)
Will     .....                  (boots currently unavailable)
Stlth    ++........             (no amulet)
HPRegen  0.26/turn              N - ring of protection from cold
MPRegen  0.16/turn              s - ring of wizardry

@: spider-form (expiring), very slightly contaminated, very slow
A: venomous fangs, tiny, (antennae 2), foul stench 2, (sharp scales 2), demonic
magic 1
a: End Transformation, Renounce Religion, Bend Time, Temporal Distortion


You were in an ice cave.
You worshipped Cheibriados.
Cheibriados was most pleased with you.
You were a venomous arachnid creature.
You visited 2 branches of the dungeon, and saw 15 of its levels.
You visited the Abyss 1 time.
You also visited: Ice Cave.

You collected 1041 gold pieces.

Inventory:

Missiles
 c - 9 boomerangs of dispersal
 f - 28 poisoned darts
 y - a throwing net
 B - a curare-tipped dart
 F - 13 boomerangs (quivered)
 O - 5 javelins
Armour
 n - a +2 cloak (melded)
 H - a +0 pair of boots (melded)
 Q - +1 steam dragon scales
 U - a +0 troll leather armour (melded)
Jewellery
 s - a ring of wizardry (right front leg)
 E - a ring of positive energy
 N - a ring of protection from cold (left front leg)
Wands
 t - a wand of paralysis (10)
 v - a wand of polymorph (10)
 V - a wand of flame (10)
 W - a wand of iceblast (17)
Scrolls
 b - a scroll of blinking
 d - 2 scrolls of fear {unknown}
 e - 2 scrolls of fog {unknown}
 h - 2 scrolls of teleportation
 j - a scroll of magic mapping {unknown}
 m - a scroll of identify
 p - a scroll of brand weapon {unknown}
 q - a scroll of immolation {unknown}
 x - 2 scrolls of amnesia {unknown}
 z - 2 scrolls of holy word {unknown}
 I - a scroll of enchant armour {unknown}
 M - a scroll of summoning {unknown}
 R - 3 scrolls of enchant weapon {unknown}
 T - a scroll of noise {unknown}
Potions
 a - 2 potions of flight
 g - 2 potions of cancellation
 i - a potion of heal wounds
 l - 7 potions of magic
 o - 3 potions of curing
 C - a potion of brilliance
 D - 2 potions of invisibility
 J - a potion of attraction
 S - a potion of haste {unknown}
Miscellaneous
 L - a tin of tremorstones (2/2)


   Skills:
 - Level 10.0 Fighting
 - Level 0.8 Throwing
 - Level 0.8 Armour
 + Level 10.0 Dodging
 + Level 11.2 Unarmed Combat
 + Level 4.7 Spellcasting
 - Level 5.2 Translocations
 - Level 5.2 Transmutations
 - Level 4.0 Invocations
 - Level 5.0 Evocations


You had 5 spell levels left.
You knew the following spells:

 Your Spells              Type           Power      Damage    Failure   Level
b - Blink                 Tloc           N/A        N/A       2%          2
c - Manifold Assault      Tloc           30%        N/A       22%         5
d - Wereblood             Tmut           30%        N/A       2%          2
f - Spider Form           Tmut/Pois      9%         N/A       10%         3
t - Passwall              Tmut/Erth      15%        N/A       6%          2
y - Beastly Appendage     Tmut           60%        N/A       2%          1

Your spell library contained the following spells:

 Spells                   Type           Power      Damage    Failure   Level
 Gell's Gravitas          Tloc           15%        N/A       4%          3
 Lesser Beckoning         Tloc           15%        N/A       4%          3
 Teleport Other           Tloc           30%        N/A       4%          3
 Sandblast                Erth           10%        2d5       9%          1
 Slow                     Hex            5%         N/A       13%         2
 Confusing Touch          Hex            5%         N/A       21%         3
 Vampiric Draining        Necr           2%         2d6       21%         3
 Freezing Cloud           Conj/Ice/Air   2%         6-21      80%         5
 Lee's Rapid Deconstruct  Erth           2%         3d6*      80%         5
 Simulacrum               Ice/Necr       2%         N/A       99%         6
 Polar Vortex             Ice            2%         N/A       100%        9


Dungeon Overview and Level Annotations

Branches:
Dungeon (14/15)            Temple (1/1) D:7            Lair (0/6) D:11
  IceCv (1/1)
    Orc: D:9-12      Vaults: D:13-14

Altars:
Ashenzari
Cheibriados
Dithmenos
Elyvilon
Fedhas
Gozag
Hepliaklqana
Kikubaaqudgha
Makhleb
Nemelex Xobeh
Okawaru
Qazlal
Ru
Sif Muna
Trog
Uskayaw
Vehumet
Wu Jian
Xom
Yredelemnul
The Shining One


Innate Abilities, Weirdness & Mutations

You are a venomous arachnid creature.
You have poisonous fangs.
You are tiny and dextrous.
Your spellcasting is less reliable in this form.
Your armour is entirely melded.
You are incapable of wielding weapons or throwing items.
((You have a pair of antennae on your head.))
You sometimes emit foul miasma when damaged in melee.
((You are mostly covered in razor-sharp scales. (AC +2, Slay +2)))
Spells you cast may paralyse adjacent enemies.


Message History

You hit the frost giant but do no damage.
The frost giant looks as sick as possible!
The frost giant is moderately wounded.
You bite the frost giant!
The frost giant looks as sick as possible!
The frost giant is heavily wounded.
The frost giant completely misses you.
You hit the frost giant.
The frost giant looks as sick as possible!
The frost giant is heavily wounded.
The frost giant gestures at you while chanting.
The bolt of cold misses you.
You bite the frost giant!
The frost giant looks as sick as possible!
The frost giant is severely wounded.
The frost giant hits you with a +0 battleaxe of freezing!!
The frost giant freezes you.
You hit the frost giant.
The frost giant is severely wounded.
The frost giant gestures at you while chanting.
The bolt of cold hits you!! You resist.
* * * LOW HITPOINT WARNING * * *
You hit the frost giant.
The frost giant is severely wounded.
You bite the frost giant!
The frost giant looks as sick as possible!
The frost giant is severely wounded.
The frost giant misses you. The flow of time bends around you.
The frost giant resists with some effort.
The frost giant closely misses you.
You hit the frost giant but do no damage.
The frost giant is almost dead.
The frost giant casts a spell at you. The bolt of cold misses you.
You hit the frost giant but do no damage.
The frost giant looks as sick as possible!
The frost giant is almost dead.
The frost giant hits you with a +0 battleaxe of freezing!!
You die...

...## .### ## # # { { .h
### ###### { {.C. ..####
###..sC### ....
#..รท.#######....#...###
..h..
####....#.....####....#...#
##......#### ####...#
######## #####


You could see a frost giant (extremely poisoned).

Vanquished Creatures
  A tentacled starspawn (Abyss:1)
  Erolcha (D:10)
  A hydra (D:12)
  6 two-headed ogres
  4 death yaks (IceCv)
  A mana viper (Abyss:1)
  A large abomination (Abyss:1)
  An ice statue (IceCv)
  6 rime drakes (IceCv)
  Psyche (D:8)
  Maggie (D:10)
  3 trolls
  3 polar bears (IceCv)
  4 slime creatures (D:12)
  A raiju (Abyss:1)
  A meliai zombie (D:11)
  A shadow (D:10)
  2 flying skulls (Abyss:1)
  8 yaks
  A ynoxinul (Abyss:1)
  A wyvern (D:7)
  2 humans (D:8)
  2 vampire mosquitoes (D:14)
  Edmund (D:6)
  3 wargs (D:11)
  A water moccasin (D:7)
  2 acid dragons (D:10)
  A hornet zombie (D:5)
  2 ice beasts (D:5)
  5 orc warriors
  A small abomination (Abyss:1)
  2 necrophages
  2 ogres
  3 centaurs
  A phantom (D:5)
  8 wolves (IceCv)
  2 kobold brigands (D:8)
  3 bullfrogs
  4 scorpions
  A wyvern zombie (D:9)
  A water moccasin skeleton (D:6)
  4 howler monkeys
  A crimson imp (Abyss:1)
  6 centaur zombies
  5 hounds
  2 quasits (Abyss:1)
  2 bullfrog zombies
  9 orc priests
  2 gnoll shamans
  A bullfrog skeleton (D:7)
  4 jellies
  Jessica (D:2)
  5 iguanas
  9 orc wizards
  A killer bee zombie (D:6)
  8 adders
  8 gnolls
  A white imp (Abyss:1)
  An adder skeleton (D:5)
  3 worms
  2 dart slugs
  31 orcs
  A ball python (D:1)
  An endoplasm (D:2)
  2 giant cockroaches
  2 goblins (D:2)
  5 hobgoblins
  6 jackals
  3 quokkas
  3 bats
  3 frilled lizards
  12 kobolds
  6 rats
246 creatures vanquished.

Vanquished Creatures (others)
  2 plants (D:11)
  2 starspawn tentacles (Abyss:1)
4 creatures vanquished.

Grand Total: 250 creatures vanquished

Notes
Turn   | Place    | Note
-------+----------+-------------------------------------------
     0 | D:1      | asdu the Demonspawn Warper began the quest for the Orb.
     0 | D:1      | Reached XP level 1. HP: 16/16 MP: 3/3
    36 | D:1      | Learned a level 1 spell: Beastly Appendage
   487 | D:1      | Reached skill level 2 in Unarmed Combat
   597 | D:1      | Found a faded altar of an unknown god.
   798 | D:2      | Reached skill level 1 in Transmutations
   798 | D:2      | Gained mutation: You are partially covered in razor-sharp
                  | scales. (AC +1, Slay +1) [demonic ancestry]
   798 | D:2      | Reached XP level 2. HP: 4/22 MP: 5/5
  1362 | D:2      | Noticed Jessica
  1391 | D:2      | Killed Jessica
  1392 | D:2      | Reached XP level 3. HP: 14/27 MP: 3/6
  1409 | D:2      | Learned a level 3 spell: Spider Form
  1412 | D:2      | Learned a level 2 spell: Blink
  1627 | D:2      | Reached skill level 3 in Unarmed Combat
  1958 | D:3      | Reached XP level 4. HP: 33/33 MP: 5/7
  1965 | D:3      | Found a hide-covered altar of Uskayaw.
  2995 | D:4      | Noticed an ogre
  3179 | D:4      | Lost mutation: You have a pair of horns on your head.
                  | [demonic ancestry]
  3179 | D:4      | Lost mutation: You have a pair of small horns on your head.
                  | [demonic ancestry]
  3179 | D:4      | Gained mutation: You have a pair of small antennae on your
                  | head. [demonic ancestry]
  3179 | D:4      | Reached XP level 5. HP: 37/40 MP: 6/8
  3209 | D:4      | Killed an ogre
  3583 | D:4      | Gained mutation: You are mostly covered in razor-sharp
                  | scales. (AC +2, Slay +2) [demonic ancestry]
  3583 | D:4      | Reached XP level 6. HP: 48/48 MP: 5/9
  3623 | D:4      | Found a shimmering blue altar of Sif Muna.
  3725 | D:5      | Entered Level 5 of the Dungeon
  3767 | D:5      | Noticed an ice beast
  4580 | D:5      | Reached XP level 7. HP: 46/54 MP: 3/10
  4675 | D:5      | Reached skill level 4 in Unarmed Combat
  5366 | D:5      | Noticed a two-headed ogre
  5520 | D:5      | Reached skill level 5 in Unarmed Combat
  5520 | D:5      | Gained mutation: You have a pair of antennae on your head.
                  | [demonic ancestry]
  5520 | D:5      | Reached XP level 8. HP: 49/60 MP: 8/11
  5652 | D:6      | Noticed Edmund
  5668 | D:6      | Killed Edmund
  5669 | D:6      | Reached skill level 5 in Dodging
  6116 | D:6      | Reached skill level 6 in Unarmed Combat
  6465 | D:6      | Found a hazy altar of Hepliaklqana.
  6465 | D:6      | Found a faded altar of an unknown god.
  6470 | D:6      | Found a faded altar of an unknown god.
  6473 | D:6      | Found a broken altar of Ashenzari.
  7601 | D:7      | Reached skill level 5 in Fighting
  7717 | D:7      | Gained mutation: You may rarely emit foul miasma when
                  | damaged in melee. [demonic ancestry]
  7717 | D:7      | Reached XP level 9. HP: 59/68 MP: 9/12
  7790 | D:7      | Reached skill level 7 in Unarmed Combat
  8012 | D:7      | Found a staircase to the Ecumenical Temple.
  8021 | Temple   | Entered the Ecumenical Temple
  8198 | Temple   | Became a worshipper of Cheibriados the Contemplative
  8980 | D:8      | Noticed Psyche
  9085 | D:8      | Noticed a two-headed ogre
  9096 | D:8      | Killed a two-headed ogre
  9097 | D:8      | Reached skill level 8 in Unarmed Combat
  9208 | D:8      | Reached skill level 1 in Invocations
  9548 | D:8      | Killed Psyche
  9926 | D:8      | Gained mutation: Spells you cast may paralyse adjacent
                  | enemies. [demonic ancestry]
  9926 | D:8      | Reached XP level 10. HP: 56/80 MP: 10/13
 10178 | D:8      | Learned a level 2 spell: Wereblood
 10486 | D:8      | Found an iron altar of Okawaru.
 10737 | D:9      | Noticed a two-headed ogre
 11048 | D:9      | Found a shadowy altar of Dithmenos.
 11058 | D:9      | Reached * piety under Cheibriados
 11225 | D:9      | Found a sacrificial altar of Ru.
 11527 | D:9      | Learned a level 2 spell: Passwall
 11809 | D:9      | Found an opulent altar of Gozag.
 12139 | D:10     | Entered Level 10 of the Dungeon
 12296 | D:10     | Reached skill level 9 in Unarmed Combat
 12497 | D:10     | Noticed a two-headed ogre
 12510 | D:10     | Killed a two-headed ogre
 12511 | D:10     | Reached skill level 5 in Transmutations
 12611 | D:10     | Noticed a two-headed ogre
 12915 | D:10     | Noticed Erolcha
 12997 | D:10     | Noticed Maggie
 13011 | D:10     | Killed Maggie
 13012 | D:10     | Reached skill level 1 in Evocations
 13343 | D:11     | Noticed a two-headed ogre
 13358 | D:11     | Killed a two-headed ogre
 13592 | D:11     | Noticed a seven-headed hydra
 13603 | D:10     | Found a sparkling altar of Nemelex Xobeh.
 13637 | D:10     | Killed a two-headed ogre
 13638 | D:10     | Gained mutation: You sometimes emit foul miasma when
                  | damaged in melee. [demonic ancestry]
 13638 | D:10     | Reached XP level 11. HP: 46/87 MP: 10/15
 14248 | D:10     | Cast into level 1 of the Abyss (Erolcha)
 14404 | Abyss:1  | Noticed a thrashing horror
 14431 | Abyss:1  | Noticed an angel
 14443 | Abyss:1  | Noticed a tentacled starspawn
 14455 | Abyss:1  | Killed a tentacled starspawn
 14456 | Abyss:1  | Reached skill level 5 in Evocations
 14642 | Abyss:1  | Noticed a mana viper
 14667 | Abyss:1  | Killed a mana viper
 14667 | Abyss:1  | Reached ** piety under Cheibriados
 14701 | Abyss:1  | Noticed a starcursed mass
 14944 | D:10     | Escaped the Abyss
 14959 | D:10     | Killed Erolcha
 14960 | D:10     | Reached skill level 10 in Fighting
 15419 | D:5      | HP: 1/90 [two-headed ogre (29)]
 15421 | D:5      | Killed a two-headed ogre
 15873 | D:10     | Reached skill level 10 in Unarmed Combat
 16109 | D:11     | Noticed a two-headed ogre
 16233 | D:11     | Found a staircase to the Lair.
 16615 | D:11     | You fall into a shaft and drop 3 floors!
 16628 | D:14     | Reached XP level 12. HP: 97/97 MP: 13/16
 16801 | D:12     | Noticed a two-headed ogre
 16803 | D:12     | Noticed a six-headed hydra
 16818 | D:12     | Killed a two-headed ogre
 16829 | D:12     | Killed a six-headed hydra
 17114 | D:12     | Found a frozen archway.
 17140 | IceCv    | Entered an ice cave
 17283 | IceCv    | Reached skill level 5 in Translocations
 17297 | IceCv    | Learned a level 5 spell: Manifold Assault
 17321 | IceCv    | Noticed a death yak
 17346 | IceCv    | Killed a death yak
 17350 | IceCv    | Reached *** piety under Cheibriados
 17499 | IceCv    | Noticed a death yak
 17515 | IceCv    | Killed a death yak
 18539 | IceCv    | Noticed a death yak
 18554 | IceCv    | Noticed a death yak
 18566 | IceCv    | Killed a death yak
 18567 | IceCv    | Reached skill level 11 in Unarmed Combat
 18576 | IceCv    | Killed a death yak
 18604 | IceCv    | Reached skill level 10 in Dodging
 18692 | IceCv    | Noticed a death yak
 18692 | IceCv    | Noticed a frost giant
 18828 | IceCv    | Slain by a frost giant

Illustrated notes

Levels and vault maps discovered:
D:1:      mushboom_english_gardens, layout_basic,
          shapermc_ecumenical_altar_petra, chequers_serial_rivers_small_b
D:2:      layout_rooms, uniq_jessica
D:3:      layout_basic, mainiacjoe_overflow_concentric_impassable, st_stairs_11,
          minmay_hedge_maze, chequers_avenue
D:4:      layout_rooms, nicolae_sif_muna_little_library,
          minmay_misc_feat_columns
D:5:      kennysheep_windowed_halls, layout_loops_ring
D:6:      layout_gridville, chequers_temple_overflow_minitemple, uniq_edmund
D:7:      layout_basic, minmay_temple_entry_grid
D:8:      layout_loops_ring, okawaru_humans, serial_co_window_serial,
          co_window_corner_a, co_window_paths_b, co_window_corner_a,
          co_window_of_opportunity_a, co_window_paths_b, co_window_paths_b,
          co_window_paths_a, co_window_paths_a, co_window_corner_a,
          co_window_cross_4, co_window_broadway_a, co_window_cross_2,
          co_window_paths_d, glass_columns_c, glass_columns_a,
          due_unseen_surprise, uniq_psyche
D:9:      layout_loops_ring, mainiacjoe_overflow_paths, lemuel_round_altar,
          nicolae_dithmenos_through_a_glass_darkly
D:10:     layout_basic, nemelex_diamond_rough_becter, minmay_starry_boxes,
          uniq_erolcha, uniq_maggie
D:11:     layout_irregular_city, erik_lair_orcish_takeover, hiddenorc1_lemuel
D:12:     layout_basic, portal_ice_cave_entry_pillars_2
D:13:     layout_irregular_city, enter_bailey_2
D:14:     layout_irregular_city, grunt_vaults_entry_fortified,
          minmay_misc_feat_rows
Temple:   minmay_temple_forest_path
IceCv:    ice_cave_small_giant

Skill      XL: |  1  2  3  4  5  6  7  8  9 10 11 12 |
---------------+-------------------------------------+-----
Unarmed Combat | 2 3 5 6 8 9 10 11 | 11.2
Transmutations | 1 2 3 4 5 |  5.2
Fighting       | 4 5 7 8 10 | 10.0
Dodging        | 2 4 5 6 8 10 | 10.0
Invocations    | 3 4 |  4.0
Translocations | 3 5 |  5.2
Spellcasting   | 3 4 |  4.7
Evocations     | 3 5 |  5.0
Throwing       | |  0.8
Armour         | |  0.8

Action                   |  1- 3 |  4- 6 |  7- 9 | 10-12 || total
-------------------------+-------+-------+-------+-------++-------
Melee: Unarmed           |   106 |   131 |   347 |   644 ||  1228
       Kick              |     8 |     8 |     9 |    14 ||    39
       Headbutt          |     6 |     2 |       |       ||     8
       Punch             |       |       |     3 |    20 ||    23
Throw: Dart              |     4 |     6 |     2 |     9 ||    21
       Stone             |       |    10 |       |       ||    10
       Boomerang         |       |       |       |     1 ||     1
 Cast: Beastly Appendage |    16 |    11 |     6 |     6 ||    39
       Spider Form       |       |     8 |    33 |    51 ||    92
       Wereblood         |       |       |       |     5 ||     5
       Passwall          |       |       |       |     4 ||     4
       Manifold Assault  |       |       |       |    17 ||    17
Invok: Bend Time         |       |       |       |     2 ||     2
 Abil: End Transformatio |       |     1 |       |     5 ||     6
Evoke: Wand              |       |       |     5 |    11 ||    16
  Use: Scroll            |       |       |       |    14 ||    14
       Potion            |       |       |       |     9 ||     9
 Stab: Sleeping          |       |       |     1 |       ||     1
       Paralysed         |       |       |    10 |    31 ||    41
       Invisible         |       |       |     1 |     5 ||     6
       Distracted        |       |       |       |     1 ||     1
Armor: Leather armour    |    30 |    40 |    18 |     1 ||    89
       Skin              |       |     2 |     7 |    26 ||    35
       Steam dragon scal |       |       |       |    35 ||    35
       Troll leather arm |       |       |       |    31 ||    31
Dodge: Dodged            |    53 |    73 |   286 |   547 ||   959
